TOP OF THE 1ST |
San Francisco Giants batting - Pitching for St. Louis Cardinals : RHP Antonio Perez
|
Pitching: RHP Antonio Perez
|
|
Batting: RHB Nick Rigden
|
0-0: Ball 1-0: Called Strike 1-1: Foul Ball, location: 2F 1-2: Foul Ball, location: 2F 1-2: Ground out 5-3 (Groundball, 56, EV 94.4 MPH)
|
Batting: SHB Ryan Doss
|
0-0: Ball 1-0: Ground out U3 (Groundball, 3, EV 93.8 MPH)
|
Batting: LHB Jack Henningar
|
0-0: Fly out, F9 (Line Drive, 9, EV 98.1 MPH)
|
Top of the 1st over - 0 runs, 0 hits, 0 errors, 0 left on base; San Francisco 0 - St. Louis 0 |
BOTTOM OF THE 1ST |
St. Louis Cardinals batting - Pitching for San Francisco Giants : RHP Ted Mosley
|
Pitching: RHP Ted Mosley
|
|
Batting: LHB Tom Butterbaugh
|
0-0: Swinging Strike 0-1: Foul Ball, location: 2F 0-2: Ball 1-2: Strikes out looking
|
Batting: RHB Tenshou Takita
|
0-0: Foul Ball, location: 2F 0-1: Ball 1-1: Ground out 6-3 (Groundball, 6, EV 85.6 MPH)
|
Batting: SHB Antoine Roux
|
0-0: Ball 1-0: Called Strike 1-1: Swinging Strike 1-2: SOLO HOME RUN (Flyball, 89XD, EV 97.5 MPH), Distance : 387 ft
|
Batting: LHB Frank Hill
|
0-0: Ball 1-0: Ball 2-0: Ball 3-0: Swinging Strike 3-1: Called Strike 3-2: Strikes out swinging
|
Bottom of the 1st over - 1 run, 1 hit, 0 errors, 0 left on base; San Francisco 0 - St. Louis 1 |
TOP OF THE 2ND |
San Francisco Giants batting - Pitching for St. Louis Cardinals : RHP Antonio Perez
|
Batting: LHB Willis Robles
|
0-0: Foul Ball, location: 2F 0-1: DOUBLE (Line Drive, 7LM, EV 112.5 MPH)
|
Batting: RHB Sean Zielinski
|
0-0: Ball 1-0: Swinging Strike 1-1: Fly out, F9 (Flyball, 89S, EV 92.5 MPH)
|
Batting: SHB Merrick Geter
|
0-0: Called Strike 0-1: Fly out, F8 (Flyball, 8LM, EV 85.6 MPH)
|
Batting: RHB Nate Hodson
|
0-0: SINGLE (Line Drive, 89S, EV 96.2 MPH) Willis Robles to third Runner from 3rd tries for Home, SAFE, throw by RF to home
|
Batting: LHB John Blair
|
0-0: Ground out U3 (Groundball, 34S, EV 78.8 MPH)
|
Top of the 2nd over - 1 run, 2 hits, 0 errors, 1 left on base; San Francisco 1 - St. Louis 1 |
BOTTOM OF THE 2ND |
St. Louis Cardinals batting - Pitching for San Francisco Giants : RHP Ted Mosley
|
Batting: SHB Billy Durham
|
0-0: Ball 1-0: Ground out 4-3 (Groundball, 34, EV 84.4 MPH)
|
Pitching: RHP Tim Rymut
|
|
Batting: RHB Eric Chotkowski
|
0-0: Ball 1-0: Ball 2-0: Ball 3-0: Base on Balls
|
Batting: SHB Hans Mikkelsen
|
0-0: Ball 1-0: Swinging Strike 1-1: Swinging Strike 1-2: Ball 2-2: Ball 3-2: SINGLE (Groundball, 34D, EV 97.5 MPH) Eric Chotkowski to second Runner from 2nd tries for 3rd, SAFE, throw by RF made at trailing runner, OUT! 9-6
|
Batting: RHB Rick O'Reilly
|
0-0: Ball 1-0: Called Strike 1-1: Foul Ball, location: 2F 1-2: Strikes out swinging
|
Bottom of the 2nd over - 0 runs, 1 hit, 0 errors, 1 left on base; San Francisco 1 - St. Louis 1 |
TOP OF THE 3RD |
San Francisco Giants batting - Pitching for St. Louis Cardinals : RHP Antonio Perez
|
Batting: SHB Bill Dooms
|
0-0: Ball 1-0: Called Strike 1-1: Ball 2-1: Foul Ball, location: 2F 2-2: Ball 3-2: Base on Balls
|
Batting: RHB Nick Rigden
|
0-0: Fly out, F9 (Flyball, 9S, EV 86.9 MPH)
|
Batting: SHB Ryan Doss
|
0-0: Ball 1-0: Ball 2-0: Ball 3-0: Base on Balls Bill Dooms to second
|
Batting: LHB Jack Henningar
|
0-0: SINGLE (Line Drive, 6D, EV 96.2 MPH) Bill Dooms to third Ryan Doss to second Runner from 3rd tries for Home, SAFE, throw by CF to home
|
Batting: LHB Willis Robles
|
0-0: Called Strike 0-1: SINGLE (Line Drive, 78S, EV 107.5 MPH) Ryan Doss to third Jack Henningar to second Runner from 3rd tries for Home, SAFE, throw by LF to home
|
Batting: RHB Sean Zielinski
|
0-0: Ball 1-0: Foul Ball, location: 2F 1-1: Ball 2-1: Ball 3-1: Called Strike 3-2: Strikes out swinging
|
Batting: SHB Merrick Geter
|
0-0: Called Strike 0-1: Foul Ball, location: 2F 0-2: Ground out U3 (Groundball, 3S, EV 76.9 MPH)
|
Top of the 3rd over - 2 runs, 2 hits, 0 errors, 2 left on base; San Francisco 3 - St. Louis 1 |
BOTTOM OF THE 3RD |
St. Louis Cardinals batting - Pitching for San Francisco Giants : RHP Tim Rymut
|
Batting: RHB Dustin Clark
|
0-0: SINGLE (Groundball, 25, EV 67.5 MPH) (infield hit)
|
Batting: LHB Tom Butterbaugh
|
0-0: Ball 1-0: Ball 2-0: Grounds into double play, 6-4-3 (Groundball, 6, EV 81.2 MPH)
|
Batting: RHB Tenshou Takita
|
0-0: Ground out 5-3 (Groundball, 56, EV 98.8 MPH)
|
Bottom of the 3rd over - 0 runs, 1 hit, 0 errors, 0 left on base; San Francisco 3 - St. Louis 1 |
TOP OF THE 4TH |
San Francisco Giants batting - Pitching for St. Louis Cardinals : RHP Antonio Perez
|
Batting: RHB Nate Hodson
|
0-0: Foul Ball, location: 2F 0-1: Ball 1-1: Fly out, F7 (Flyball, 7, EV 96.2 MPH)
|
Batting: LHB John Blair
|
0-0: Called Strike 0-1: Swinging Strike 0-2: Ball 1-2: Ball 2-2: Foul Ball, location: 2F 2-2: Ground out 5-3 (Groundball, 6S, EV 64.4 MPH)
|
Batting: SHB Bill Dooms
|
0-0: Foul Ball, location: 2F 0-1: Foul Ball, location: 2F 0-2: Ball 1-2: SINGLE (Groundball, 6S, EV 68.8 MPH) (infield hit)
|
Batting: RHB Nick Rigden
|
0-0: Ball 1-0: Ground out 1-3 (Groundball, 13S, EV 70.0 MPH)
|
Top of the 4th over - 0 runs, 1 hit, 0 errors, 1 left on base; San Francisco 3 - St. Louis 1 |
BOTTOM OF THE 4TH |
St. Louis Cardinals batting - Pitching for San Francisco Giants : RHP Tim Rymut
|
Batting: SHB Antoine Roux
|
0-0: Called Strike 0-1: Ball 1-1: SINGLE (Groundball, 34D, EV 103.8 MPH)
|
Batting: LHB Frank Hill
|
0-0: Ball 1-0: SINGLE (Line Drive, 56, EV 95.6 MPH) Antoine Roux to second
|
Batting: SHB Billy Durham
|
0-0: Ball 1-0: Called Strike 1-1: Ball 2-1: SINGLE (Groundball, 34D, EV 98.1 MPH) Antoine Roux to third Frank Hill to second Runner from 3rd tries for Home, SAFE, throw by RF to home
|
Batting: RHB Eric Chotkowski
|
0-0: Called Strike 0-1: Foul Ball, location: 2F 0-2: Ball 1-2: Hit by Pitch Frank Hill to third Billy Durham to second
|
Pinch Runner at 1st Ben Rubenacker:
|
|
Batting: SHB Hans Mikkelsen
|
0-0: Ball 1-0: Swinging Strike 1-1: Called Strike 1-2: Ball 2-2: Ball 3-2: Strikes out swinging
|
Pitching: LHP Tyler Stancil
|
|
Batting: RHB Rick O'Reilly
|
0-0: Ball 1-0: Ball 2-0: Swinging Strike 2-1: Ball 3-1: Fly out, F6 (Popup, 6MS, EV 76.9 MPH)
|
Batting: RHB Dustin Clark
|
0-0: Fly out, F8 (Line Drive, 8RD, EV 105.0 MPH)
|
Bottom of the 4th over - 1 run, 3 hits, 0 errors, 3 left on base; San Francisco 3 - St. Louis 2 |
TOP OF THE 5TH |
San Francisco Giants batting - Pitching for St. Louis Cardinals : RHP Antonio Perez
|
Now at 1B: Ben Rubenacker
|
|
Now at 3B: Tenshou Takita
|
|
Batting: SHB Ryan Doss
|
0-0: Ball 1-0: Swinging Strike 1-1: Foul Ball, location: 2F 1-2: Fly out, F7 (Flyball, 78D, EV 88.8 MPH)
|
Batting: LHB Jack Henningar
|
0-0: Ball 1-0: Swinging Strike 1-1: Swinging Strike 1-2: Ball 2-2: Foul Ball, location: 2F 2-2: Ball 3-2: SINGLE (Groundball, 2L, EV 73.1 MPH) (infield hit)
|
Batting: LHB Willis Robles
|
0-0: Ball 1-0: DOUBLE (Line Drive, 7LS, EV 97.5 MPH) Jack Henningar to third Runner from 3rd tries for Home, SAFE, no throw by LF
|
Batting: RHB Sean Zielinski
|
0-0: Called Strike Willis Robles steals 3rd base 0-1: Ball 1-1: Ball 2-1: Foul Ball, location: 2F 2-2: DOUBLE (Groundball, 5D, EV 95.0 MPH) Willis Robles scores
|
Pitching: RHP Doug Nickey
|
|
Batting: SHB Merrick Geter
|
0-0: Ball 1-0: Ball 2-0: Foul Ball, location: 2F 2-1: Fly out, F8 (Flyball, 8LD, EV 79.4 MPH)
|
Batting: RHB Nate Hodson
|
0-0: Ground out 5-3 (Groundball, 5, EV 86.9 MPH)
|
Top of the 5th over - 2 runs, 3 hits, 0 errors, 1 left on base; San Francisco 5 - St. Louis 2 |
BOTTOM OF THE 5TH |
St. Louis Cardinals batting - Pitching for San Francisco Giants : LHP Tyler Stancil
|
Batting: LHB Tom Butterbaugh
|
0-0: Ball 1-0: Foul Ball, location: 2F 1-1: Ground out 6-3 (Groundball, 56D, EV 83.8 MPH)
|
Batting: RHB Tenshou Takita
|
0-0: Called Strike 0-1: Ball 1-1: Foul Ball, location: 2F 1-2: Ball 2-2: Ball 3-2: Foul Ball, location: 2F 3-2: Strikes out swinging
|
Batting: SHB Antoine Roux
|
0-0: Foul Ball, location: 2F 0-1: Ball 1-1: Swinging Strike 1-2: Ground out 6-3 (Groundball, 6, EV 85.0 MPH)
|
Bottom of the 5th over - 0 runs, 0 hits, 0 errors, 0 left on base; San Francisco 5 - St. Louis 2 |
TOP OF THE 6TH |
San Francisco Giants batting - Pitching for St. Louis Cardinals : RHP Doug Nickey
|
Batting: LHB John Blair
|
0-0: Ball 1-0: Foul Ball, location: 2F 1-1: Swinging Strike 1-2: Foul Ball, location: 2F 1-2: Ball 2-2: Strikes out swinging, 2-3 out at first.
|
Batting: SHB Bill Dooms
|
0-0: Ground out 6-3 (Groundball, 6D, EV 88.1 MPH)
|
Batting: RHB Nick Rigden
|
0-0: Called Strike 0-1: Fly out, F6 (Line Drive, 6, EV 71.9 MPH)
|
Top of the 6th over - 0 runs, 0 hits, 0 errors, 0 left on base; San Francisco 5 - St. Louis 2 |
BOTTOM OF THE 6TH |
St. Louis Cardinals batting - Pitching for San Francisco Giants : LHP Tyler Stancil
|
Batting: LHB Frank Hill
|
0-0: Ball 1-0: Foul Ball, location: 2F 1-1: Foul Ball, location: 2F 1-2: SINGLE (Line Drive, 7S, EV 90.6 MPH)
|
Batting: SHB Billy Durham
|
0-0: Ball 1-0: Called Strike 1-1: Foul Ball, location: 2F 1-2: Grounds into double play, 4-6-3 (Groundball, 4, EV 86.9 MPH)
|
Pinch Hitting: RHB Pavpv Ivanushkin
|
0-0: Ball 1-0: Swinging Strike 1-1: Ball 2-1: Ball 3-1: Base on Balls
|
Batting: SHB Hans Mikkelsen
|
0-0: Called Strike 0-1: Ball 1-1: Called Strike 1-2: Strikes out looking
|
Bottom of the 6th over - 0 runs, 1 hit, 0 errors, 1 left on base; San Francisco 5 - St. Louis 2 |
TOP OF THE 7TH |
San Francisco Giants batting - Pitching for St. Louis Cardinals : RHP Doug Nickey
|
Now at 1B: Tenshou Takita
|
|
Now at 2B: Pavpv Ivanushkin
|
|
Now at 3B: Antoine Roux
|
|
Batting: SHB Ryan Doss
|
0-0: Ball 1-0: Called Strike 1-1: Ball 2-1: Foul Ball, location: 2F 2-2: Ball 3-2: Base on Balls
|
Batting: LHB Jack Henningar
|
0-0: Ball 1-0: Ball 2-0: Foul Ball, location: 2F 2-1: Foul Ball, location: 2F 2-2: Fly out, F8 (Line Drive, 8LD, EV 90.6 MPH)
|
Batting: LHB Willis Robles
|
0-0: Ball 1-0: Ball 2-0: Called Strike 2-1: Called Strike 2-2: Foul Ball, location: 2F 2-2: Strikes out swinging
|
Batting: RHB Sean Zielinski
|
0-0: Ball 1-0: Called Strike Ryan Doss steals 2nd base 1-1: Ball 2-1: Called Strike 2-2: Ground out 1-3 (Groundball, P, EV 67.5 MPH)
|
Top of the 7th over - 0 runs, 0 hits, 0 errors, 1 left on base; San Francisco 5 - St. Louis 2 |
BOTTOM OF THE 7TH |
St. Louis Cardinals batting - Pitching for San Francisco Giants : LHP Tyler Stancil
|
Pitching: RHP Nate Heideman
|
|
Batting: RHB Rick O'Reilly
|
0-0: Called Strike 0-1: Ball 1-1: Swinging Strike 1-2: Foul Ball, location: 2F 1-2: Strikes out swinging, 2-3 out at first.
|
Batting: RHB Dustin Clark
|
0-0: Called Strike 0-1: Ball 1-1: Fly out, F8 (Flyball, 89XD, EV 108.8 MPH)
|
Batting: LHB Tom Butterbaugh
|
0-0: Called Strike 0-1: Called Strike 0-2: Ball 1-2: Foul Ball, location: 2F 1-2: Foul Ball, location: 2F 1-2: SOLO HOME RUN (Flyball, 9LD, EV 90.0 MPH), Distance : 342 ft
|
Batting: RHB Tenshou Takita
|
0-0: Called Strike 0-1: Ball 1-1: Called Strike 1-2: Strikes out swinging
|
Bottom of the 7th over - 1 run, 1 hit, 0 errors, 0 left on base; San Francisco 5 - St. Louis 3 |
TOP OF THE 8TH |
San Francisco Giants batting - Pitching for St. Louis Cardinals : RHP Doug Nickey
|
Pitching: RHP Billy McIntyre
|
|
Batting: SHB Merrick Geter
|
0-0: Foul Ball, location: 2F 0-1: Ball 1-1: Ball 2-1: Fly out, F5 (Popup, 5SF, EV 85.0 MPH)
|
Batting: RHB Nate Hodson
|
0-0: Swinging Strike 0-1: Fly out, F9 (Flyball, 9S, EV 93.8 MPH)
|
Batting: LHB John Blair
|
0-0: Called Strike 0-1: Ground out 6-3 (Groundball, 4D, EV 102.5 MPH)
|
Top of the 8th over - 0 runs, 0 hits, 0 errors, 0 left on base; San Francisco 5 - St. Louis 3 |
BOTTOM OF THE 8TH |
St. Louis Cardinals batting - Pitching for San Francisco Giants : RHP Nate Heideman
|
Pitching: RHP Borisz Barciniak
|
|
Batting: SHB Antoine Roux
|
0-0: Ball 1-0: Ball 2-0: Ball 3-0: Called Strike 3-1: Ground out 4-3 (Groundball, 4, EV 80.0 MPH)
|
Batting: LHB Frank Hill
|
0-0: Called Strike 0-1: Foul Ball, location: 2F 0-2: Strikes out looking
|
Batting: SHB Billy Durham
|
0-0: Ball 1-0: Swinging Strike 1-1: Ball 2-1: Ball 3-1: Foul Ball, location: 2F 3-2: Strikes out swinging
|
Bottom of the 8th over - 0 runs, 0 hits, 0 errors, 0 left on base; San Francisco 5 - St. Louis 3 |
TOP OF THE 9TH |
San Francisco Giants batting - Pitching for St. Louis Cardinals : RHP Billy McIntyre
|
Pitching: RHP Brent Garland
|
|
Batting: SHB Bill Dooms
|
0-0: Ball 1-0: Fly out, F4 (Popup, 34D, EV 63.8 MPH)
|
Batting: RHB Nick Rigden
|
0-0: Ball 1-0: Fly out, F9 (Flyball, 9, EV 83.1 MPH)
|
Batting: SHB Ryan Doss
|
0-0: Called Strike 0-1: Ball 1-1: Ball 2-1: Swinging Strike 2-2: Ball 3-2: Strikes out looking
|
Top of the 9th over - 0 runs, 0 hits, 0 errors, 0 left on base; San Francisco 5 - St. Louis 3 |
BOTTOM OF THE 9TH |
St. Louis Cardinals batting - Pitching for San Francisco Giants : RHP Borisz Barciniak
|
Pitching: RHP Andrew Kindig
|
|
Batting: RHB Pavpv Ivanushkin
|
0-0: Ball 1-0: Ground out 6-3 (Groundball, 6, EV 108.1 MPH)
|
Batting: SHB Hans Mikkelsen
|
0-0: Swinging Strike 0-1: Called Strike 0-2: Ball 1-2: Strikes out swinging
|
Batting: RHB Rick O'Reilly
|
0-0: Fly out, F7 (Flyball, 7LS, EV 80.0 MPH)
|
Bottom of the 9th over - 0 runs, 0 hits, 0 errors, 0 left on base; San Francisco 5 - St. Louis 3 |
|